 Dungeon Crawl Stone Soup version 0.31-a0-640-g39d97e502b (webtiles) character file.

Game seed: 4179530967600655104

123 qw the Shooter (level 5, 0/32 HPs)
             Began as a Gargoyle Hunter on Aug 27, 2023.
             Slain by a gnoll
             ... wielding a +0 flail
              (6 damage)
             ... on level 3 of the Dungeon.
             The game lasted 00:00:37 (1446 turns).

qw the Shooter (Gargoyle Hunter)                    Turns: 1446, Time: 00:00:37

Health: 0/32       AC:  8    Str: 14 (15) XL:     5   Next: 7%
Magic:  5/5        EV: 11    Int:  6 (9)  God:
Gold:   108        SH:  0    Dex: 15      Spells: 4/4 levels left

rFire   . . .        Y - +0 shortbow
rCold   . . .        (shield currently unavailable)
rNeg    + . .        c - +0 leather armour
rPois   inf          (no helmet)
rElec   +            (no cloak)
rCorr   .            g - +0 pair of gloves
SInv    .            (no boots)
Will    .....        (no amulet)
Stlth   ++           (no ring)
HPRegen 0.25/turn    (no ring)
MPRegen 0.09/turn

%: no passive effects
@: no status effects
A: sickness immunity, AC +4, negative energy resistance 1, electricity
resistance, torment resistance 1, petrification resistance
a: no special abilities


You were on level 3 of the Dungeon.
You visited 1 branch of the dungeon, and saw 3 of its levels.

You collected 108 gold pieces.


Innate Abilities, Weirdness & Mutations

You are immune to sickness and miasma.
Your stone body is resilient. (AC +4)
You are immune to poison.
You resist negative energy. (rN+)
You are resistant to electric shocks. (rElec)
You are resistant to unholy torment.
You are immune to petrification.


   Skills:
 - Level 3.0 Fighting
 + Level 5.9 Ranged Weapons
 - Level 1.5 Dodging
 - Level 1.1 Stealth


You had 4 spell levels left.
You didn't know any spells.
Your spell library was empty.

Inventory:

Hand Weapons
 Y - a +0 shortbow (weapon)
Armour
 b - a +0 ring mail
 c - a +0 leather armour (worn)
 g - a +0 pair of gloves (worn)
Potions
 a - a potion of invisibility {unknown}
 e - a potion of haste
 f - a potion of curing
 h - a potion of enlightenment {unknown}
 i - a potion of cancellation {unknown}
 k - a potion of might {unknown}

Dungeon Overview and Level Annotations

Branches:
Dungeon (3/15)

Altars:

Shops:
D:2 =


Message History

The arrow hits the gnoll.
The gnoll is heavily wounded.
A gnoll comes into view. It is wielding a +0 halberd.
Enter note:
Enter note:
1435 ||| RETREATING.
You shoot an arrow. The arrow hits the gnoll.
The gnoll is moderately wounded.
Enter note:
Enter note:
1437 ||| Stepping ~*~*~tactically~*~*~ (retreating).
Enter note:
1438 ||| Stepping ~*~*~tactically~*~*~ (retreating).
The gnoll attacks as it pursues you! The gnoll barely misses you.
You shoot an arrow. The arrow hits the gnoll.
The gnoll is severely wounded.
You shoot an arrow. The arrow barely misses the gnoll.
You hear a shout!
You hear an angry hiss.
You shoot an arrow. The arrow barely misses the gnoll.
The arrow hits the gnoll.
The gnoll is severely wounded.
The gnoll hits you with a +0 flail.
You shoot an arrow. The arrow hits the gnoll.
The gnoll is severely wounded.
The gnoll closely misses you.
You shoot an arrow. The arrow barely misses the gnoll.
The arrow hits the gnoll.
You kill the gnoll!
The gnoll closely misses you.
You shoot an arrow. The arrow hits the gnoll!
You kill the gnoll!
The gnoll closely misses you. The gnoll hits you with a +0 halberd.
You feel your dexterity returning.
You have reached level 5!
You shoot an arrow.
The arrow hits the gnoll but does no damage.
The gnoll is heavily wounded.
The gnoll hits you with a +0 flail! The gnoll hits you with a +0 halberd!
You shoot an arrow. The arrow hits the gnoll.
The gnoll is heavily wounded.
The gnoll hits you with a +0 flail.
You die...

###......##..#
.[...........#
###..#.......#
##.##.......##
.............##.
.........###.)...
................#
..........g......
.....####@#......
#.##>..##g##.....
# #...).#.....
###..........
...........g.
######........
..#.....g
..#.(....
........#


You could see 2 gnolls.

Vanquished Creatures
  Jessica (D:2)
  2 gnolls (D:3)
  3 adders
  2 worms (D:2)
  2 dart slugs (D:2)
  4 ball pythons
  4 bats (D:2)
  4 endoplasms
  2 giant cockroaches
  3 goblins (D:2)
  3 hobgoblins
  4 kobolds (D:2)
  4 quokkas
  A frilled lizard (D:2)
  2 rats
41 creatures vanquished.

Notes
Turn   | Place    | Note
-------+----------+-------------------------------------------
     0 | D:1      | qw the Gargoyle Hunter began the quest for the Orb.
     0 | D:1      | Reached XP level 1. HP: 12/12 MP: 1/1
     0 | D:1      | 0 ||| qw: Version: 0.3-a-74-g0d5e918
     0 | D:1      | 0 ||| qw: Game counter: 133
     0 | D:1      | 0 ||| qw: Melee chars always use a shield: true
     0 | D:1      | 0 ||| qw: God list: Okawaru
     0 | D:1      | 0 ||| qw: Allow faded altars: false
     0 | D:1      | 0 ||| qw: Do Orc after clearing Dungeon:15 true
     0 | D:1      | 0 ||| qw: Do second Lair branch before Depths: true
     0 | D:1      | 0 ||| qw: Lair rune preference: random
     0 | D:1      | 0 ||| qw: Goals: Normal
     0 | D:1      | 0 ||| PLANNING D:1-11
   337 | D:1      | Reached XP level 2. HP: 17/17 MP: 2/2
   573 | D:1      | 573 ||| READING scroll labelled JUOXINAT GAEHAAS.
   574 | D:1      | 574 ||| READING scroll labelled YXKOSI NINI.
   575 | D:1      | 575 ||| DROPPING scroll of butterflies.
   654 | D:2      | Reached skill level 5 in Ranged Weapons
   654 | D:2      | Reached XP level 3. HP: 21/21 MP: 3/3
   692 | D:2      | Found Cace's Jewellery Emporium.
   695 | D:2      | 695 ||| SHOPLISTING +6 ring of strength (468 gold, have
                  | 55).
   695 | D:2      | 695 ||| SHOPLISTING amulet of faith (520 gold, have 55).
   695 | D:2      | 695 ||| SHOPLISTING ring of ice (325 gold, have 55).
   695 | D:2      | 695 ||| SHOPLISTING ring of positive energy (260 gold, have
                  | 55).
   695 | D:2      | 695 ||| SHOPLISTING ring of protection from cold (325 gold,
                  | have 55).
   695 | D:2      | 695 ||| SHOPLISTING ring of willpower (325 gold, have 55).
   916 | D:2      | Reached skill level 3 in Fighting
   987 | D:2      | Noticed Jessica
   989 | D:2      | Killed Jessica
   990 | D:2      | Reached XP level 4. HP: 28/28 MP: 4/4
  1352 | D:2      | 1352 ||| UPGRADING to +0 pair of gloves.
  1357 | D:2      | 1357 ||| READING scroll labelled UMAASO VUYRPH.
  1358 | D:2      | 1358 ||| READING scroll labelled ZEDDYTW QUNU.
  1359 | D:2      | 1359 ||| DRINKING 2 lumpy red potions.
  1360 | D:2      | 1360 ||| DRINKING 2 silvery potions.
  1361 | D:2      | 1361 ||| DRINKING 2 glowing puce potions.
  1362 | D:2      | 1362 ||| DRINKING 2 fuming ruby potions.
  1363 | D:2      | 1363 ||| DROPPING potion of attraction.
  1364 | D:2      | 1364 ||| DROPPING potion of degeneration.
  1435 | D:3      | 1435 ||| RETREATING.
  1437 | D:3      | 1437 ||| Stepping ~*~*~tactically~*~*~ (retreating).
  1438 | D:3      | 1438 ||| Stepping ~*~*~tactically~*~*~ (retreating).
  1445 | D:3      | Reached XP level 5. HP: 23/32 MP: 5/5
  1445 | D:3      | HP: 6/32 [gnoll/+0 halberd (10)]
  1446 | D:3      | Slain by a gnoll

Levels and vault maps discovered:
D:1:      saegor_arrival_fortress, layout_basic
D:2:      layout_basic, serial_shops, nicolae_shop_real_fake_doors, uniq_jessica
D:3:      layout_rooms, kennysheep_generic_room_11

Skill      XL: |  1  2  3 |
---------------+----------+-----
Ranged Weapons | 5 |  5.9
Fighting       | 3 |  3.0
Dodging        | |  1.5
Stealth        | |  1.1

Action                     |  1- 3 |  4- 6 || total
---------------------------+-------+-------++-------
   Fire: Shortbow          |    70 |    66 ||   136
    Use: Scroll            |     2 |     2 ||     4
         Potion            |       |     4 ||     4
 Armour: Leather armour    |     2 |     8 ||    10
  Dodge: Dodged            |    11 |    12 ||    23

Table legend:
 A = Non-vault XP
 B = Vault XP
 C = Vault XP percentage of total XP
 D = Non-vault monster count
 E = Vault monster count
 F = Vault count percentage of total count
                 A         B        C        D         E       F
            +---------+---------+-------+---------+---------+-------
      Total |     140 |      37 |  20.9 |      40 |       1 |   2.4
            +---------+---------+-------+---------+---------+-------
        D:1 |      19 |       0 |   0.0 |      10 |       0 |   0.0
        D:2 |      76 |      37 |  32.7 |      25 |       1 |   3.8
        D:3 |      45 |       0 |   0.0 |       5 |       0 |   0.0
            +---------+---------+-------+---------+---------+-------
